 Dungeon Crawl Stone Soup version 0.17-a0-1132-g5dd4065 (webtiles) character file.

284134 Inkie the Eclecticist (level 19, -21/123 HPs)
             Began as a Pale Draconian Wizard on May 22, 2015.
             Was the Champion of Vehumet.
             Shot with an arrow by a deep elf master archer (45 damage)
             ... on level 3 of the Elven Halls on May 25, 2015.
             The game lasted 06:55:59 (57795 turns).

Inkie the Eclecticist (Pale Draconian Wizard)      Turns: 57795, Time: 06:55:59

Health: -21/123    AC: 20    Str: 10    XL:     19   Next: 77%
Magic:  39/51      EV: 12    Int: 30    God:    Vehumet [******]
Gold:   2878       SH:  0    Dex: 13    Spells: 15 memorised, 5 levels left

rFire  + . .     SeeInvis .     g - +11 morningstar of Noon {crush, rElec rN+ MR+}
rCold  . . .     Clarity  .     (armour unavailable)
rNeg   + + +     SustAt   .     (no shield)
rPois  +         Gourm    .     a - +2 hat
rElec  +         Spirit   .     e - +1 ratskin cloak {rPois rN+ Int-1 Dex-1}
rCorr  .         Warding  +     T - +2 pair of gloves {archery}
rMut   .         Stasis   .     E - +2 pair of boots {Fly}
MR     ++...                    f - amulet of warding
Stlth  ++........               J - ring "Fur Icka" {MP+9 Int+5 Dex+4}
                                G - ring of protection from fire

@: flying, very slightly contaminated, hasted, delayed fireball, very quick,
very resistant to hostile enchantments, unstealthy
A: breathe steam, unfitting armour, cold-blooded, AC +10
a: Breathe Steam, Renounce Religion, Release Delayed Fireball, Stop Flying
}: 2/15 runes: decaying, serpentine


You were on level 3 of the Elven Halls.
You worshipped Vehumet.
Vehumet was exalted by your worship.
You were not hungry.

You visited 7 branches of the dungeon, and saw 35 of its levels.

You collected 4082 gold pieces.
You spent 1204 gold pieces at shops.

Inventory:

Hand weapons
 g - the +11 morningstar of Noon (weapon) {crush, rElec rN+ MR+}
   (You found it on level 1 of the Lair of Beasts)

   It inflicts extra damage upon your enemies.
   It insulates you from electricity.
   It protects you from negative energy.
   It affects your resistance to hostile enchantments.
Missiles
 d - 853 stones (quivered)
Armour
 a - a +2 hat (worn)
 e - the +1 ratskin cloak (worn) {rPois rN+ Int-1 Dex-1}
   (You bought it in a shop on level 2 of the Orcish Mines)

   It affects your intelligence (-1).
   It affects your dexterity (-1).
   It protects you from poison.
   It protects you from negative energy.
 l - a +2 buckler
 m - a +2 pair of boots
 o - a +0 cloak
 A - a +2 buckler
 E - a +2 pair of boots of flying (worn)
 T - a +2 pair of gloves of archery (worn)
Jewellery
 b - an uncursed ring of see invisible
 f - an amulet of warding (around neck)
 G - a ring of protection from fire (left hand)
 J - the ring "Fur Icka" (right hand) {MP+9 Int+5 Dex+4}
   (You bought it in a shop on level 8 of the Dungeon)

   [ring of intelligence]

   It affects your intelligence (+5).
   It affects your dexterity (+4).
   It affects your magic capacity (+9).
 K - an uncursed ring of protection from fire
Magical devices
 n - a wand of lightning (10)
 r - a wand of digging (10)
 s - a wand of teleportation (6)
 D - a wand of lightning (2)
 R - a wand of teleportation (4)
 S - a wand of hasting (3)
 Z - a wand of draining (5)
Scrolls
 i - 15 scrolls of remove curse
 p - 2 scrolls of vulnerability
 q - 5 scrolls of fog
 t - 6 scrolls of fear
 u - a scroll of torment
 x - a scroll of immolation
 y - a scroll of recharging
 C - 3 scrolls of blinking
 I - 2 scrolls of magic mapping
 V - 8 scrolls of identify
Potions
 h - a potion of magic
 j - a potion of agility
 v - a potion of brilliance
 w - a potion of resistance
 z - 6 potions of flight
 B - 3 potions of curing
 F - a potion of cancellation
 H - 5 potions of heal wounds
Comestibles
 c - 8 bread rations
 k - 3 meat rations
 L - 5 chunks of flesh


   Skills:
 - Level 1.7 Dodging
 - Level 1.7 Stealth
 * Level 19.9 Spellcasting
 + Level 16.6 Conjurations
 + Level 2.6 Charms
 - Level 2.0 Summonings
 - Level 1.1 Translocations
 + Level 13.9 Fire Magic
 + Level 17.9 Air Magic


You had 5 spell levels left.
You knew the following spells:

 Your Spells              Type           Power        Failure   Level  Hunger
a - Magic Dart            Conj           ####         0%          1    None
b - Blink                 Tloc           N/A          1%          2    None
c - Conjure Flame         Conj/Fire      #######.     0%          3    None
d - Iskenderun's Battles  Conj/Chrm      ######..     1%          5    None
e - Mephitic Cloud        Conj/Pois/Air  #######.     1%          3    None
f - Searing Ray           Conj           ######       0%          2    None
g - Bolt of Fire          Conj/Fire      #######...   1%          6    None
h - Swiftness             Chrm/Air       ######..     1%          2    None
i - Conjure Ball Lightni  Conj/Air       #######...   1%          6    None
l - Summon Lightning Spi  Summ/Air       ######..     1%          4    None
n - Control Teleport      Chrm/Tloc      #####.....   8%          4    None
q - Delayed Fireball      Conj/Fire      N/A          1%          7    ###....
r - Repel Missiles        Chrm/Air       ######       1%          2    None
w - Fireball              Conj/Fire      #######...   1%          5    None
x - Lightning Bolt        Conj/Air       #######...   1%          5    None


Dungeon Overview and Level Annotations

Branches:
Dungeon (11/15)            Temple (1/1) D:4            Lair (8/8) D:10
  Swamp (4/4) Lair:4        Snake (4/4) Lair:6        Slime (0/6) Lair:7
    Orc (4/4) D:10            Elf (3/3) Orc:3

Altars:
Ashenzari
Cheibriados
Dithmenos
Elyvilon
Fedhas
Gozag
Kikubaaqudgha
Makhleb
Nemelex Xobeh
Okawaru
Qazlal
Ru
Sif Muna
Trog
Vehumet
Xom
Yredelemnul
Zin
The Shining One
Beogh
Jiyva

Shops:
D:4 [   D:8 *   Orc:2 [   Orc:4 ([?%?   Elf:1 =   Elf:3 }!=}   Snake:1 [
Snake:3 [

Annotations:
D:6 Monkaria's ghost, experienced DsCK
Lair:7 1 runed door
Orc:4 good scrolls
Elf:1 rings
Elf:3 BUY POTIONS


Innate Abilities, Weirdness & Mutations

You can breathe blasts of scalding, opaque steam.
Your pale cyan-grey scales are hard (AC +10).
Your body does not fit into most forms of armour.
You are cold-blooded and may be slowed by cold attacks.


Message History

Read which item? (? for menu, Esc to quit)
Your blink will be uncontrolled - continue anyway? [Y]es or [N]o only, please.
Your blink will be uncontrolled - continue anyway?
A powerful magic prevents control of your teleportation.
You blink.
As you read the scroll of blinking, it crumbles to dust.
The deep elf sorcerer hits you but does no damage.
Drink which item? (? for menu, Esc to quit)
Okay, then.
Unknown command.
Evoke which item? (* to show all) (? for menu, Esc to quit)
Zapping:
S - a wand of hasting (4)
Press: ? - help, Shift-Dir - straight line, f - you You feel yourself speed up.
You are very lightly contaminated with residual magic.
This wand has 3 charges left.
The deep elf master archer shoots an arrow.
The arrow hits you!!!
You die...

#...##.#.8###...# *+**#..
#.#.8.∩.8).....#* *.###..
#.####.#.####.## *..##..
#.# #8#.# ##'#* *...'..
#.####.#.###...## *#.##..
#........##.....## #.##..
###.####..##......##
#.##.. '..)#
#..##...e...#### #.##..
###.# #..##....@..#..##
#.##.. #.#
#..##.....*.....## #..'..
#.#
#..##.....8.§....####.##..
#.#
#..##.............'...###.
#.#
#.<.'.............##### ##
#.# #..##.......#.....# #
#.# #..##.e.....##...##
###.* #..##.......###.##
....#**#..##.......# #+#


You could see a deep elf master archer, a deep elf sorcerer and a friendly
lightning spire.

Vanquished Creatures
  Norris (Snake:4)
  A bone dragon (Swamp:4)
  Rupert (Lair:8)
  Kirke (Swamp:1)
  Wiglaf (Snake:3)
  12 greater nagas
  Maud (Lair:7)
  Aizul (Snake:2)
  3 deep elf demonologists (Elf:2)
  4 dire elephants (Lair:8)
  A deep elf annihilator (Elf:1)
  A deep elf death mage (Elf:1)
  A deep elf high priest (Elf:2)
  The ghost of Inkie the Slinger, a powerful KoAM of Sif Muna (Lair:5)
  5 ghost crabs
  Harold (Lair:4)
  13 naga warriors
  13 hydras
  9 alligators
  5 anacondas
  11 dancing weapons (Elf:2)
  12 death yaks
  A hell beast (Elf:2)
  4 orc high priests
  3 shock serpents
  Urug (Lair:3)
  8 naga ritualists
  27 deep elf knights
  15 naga sharpshooters
  A salamander mystic (Snake:3)
  A death drake (Swamp:4)
  15 deep elf summoners
  A shambling mangrove (Swamp:3)
  6 spectral hydras (Swamp:4)
  2 swamp dragons
  A hill giant (D:10)
  Pikel (D:7)
  16 deep elf conjurers
  5 orc knights (Orc:4)
  The ghost of Chiseanne the Covered, an experienced DsFi of Okawaru (D:5)
  A phantasmal warrior (Swamp:4)
  A griffon (Lair:5)
  A hornet (shapeshifter) (Elf:1)
  6 orc sorcerers
  10 salamanders
  10 mana vipers
  25 elephants
  An octopode (shapeshifter) (Elf:1)
  37 black mambas
  25 spiny frogs
  6 guardian serpents
  A spectral spriggan (Swamp:4)
  19 naga magi
  5 swamp worm zombies (Swamp:4)
  10 deep elf priests
  5 komodo dragons
  A queen bee (D:10)
  3 fire drakes
  A hellwing (Elf:2)
  3 trolls
  3 hydra zombies (Swamp:4)
  A jumping spider (Elf:2)
  2 polar bears (Lair:8)
  14 giant leeches
  A spectral swamp dragon (Swamp:4)
  11 slime creatures
  6 ravens
  2 alligator zombies (Swamp:4)
  A two-headed ogre (D:10)
  3 spriggans
  11 bog bodies
  35 blink frogs
  3 redbacks
  2 basilisks
  18 deep elf magi
  3 tarantellas
  A wyvern (Lair:5)
  A wraith (D:10)
  4 hogs (Swamp:1)
  3 hungry ghosts
  A spectral raven (Swamp:2)
  A steam dragon (Lair:3)
  61 yaks
  29 deep elf fighters
  24 wolves
  5 hippogriffs
  Menkaure (D:5)
  19 vampire mosquitoes
  47 swamp worms
  7 wargs
  24 insubstantial wisps
  58 nagas
  28 water moccasins
  10 porcupines
  6 swamp drakes
  A black bear (D:9)
  8 spiders (Snake:1)
  26 orc warriors
  3 ice beasts (D:7)
  4 ogres
  2 sky beasts
  3 slaves
  3 wasps
  4 swamp dragon zombies (Swamp:4)
  5 centaurs
  An eye of draining (shapeshifter) (Elf:1)
  The ghost of Oper80 the Covered, an average DgWn (D:4)
  6 phantoms
  18 crocodiles
  21 giant frogs
  2 gnoll sergeants
  A brain worm (Lair:6)
  A scorpion (D:8)
  A wyvern skeleton (D:5)
  29 killer bees
  2 electric eels
  7 crimson imps
  A centaur zombie (D:9)
  13 iguanas
  52 orc wizards
  A quasit (D:6)
  30 orc priests
  5 hounds
  2 jellies
  9 hell rats
  A giant frog skeleton (D:7)
  10 worker ants
  Natasha (D:2)
  2 spectral swamp drakes (Swamp:4)
  15 sheep
  A hound zombie (D:4)
  A hound skeleton (D:4)
  A worker ant zombie (D:9)
  Robin (D:3)
  14 gnolls
  62 river rats
  9 adders
  3 shadow imps
  2 oozes
  7 worms
  An adder skeleton (D:5)
  An adder zombie (D:7)
  192 orcs
  4 ball pythons
  2 bat skeletons (D:4)
  7 giant cockroaches
  26 hobgoblins
  17 jackals
  18 kobolds
  A quokka (D:4)
  25 bats
  5 giant geckos
  A giant gecko skeleton (D:6)
  4 giant newts
  37 goblins
  A jackal zombie (D:6)
  16 rats
  A crawling corpse (Elf:3)
  6 fungi
  12 plants
1594 creatures vanquished.

Vanquished Creatures (collateral kills)
  3 greater nagas
  A deep elf death mage (Elf:3)
  An anaconda (Snake:2)
  10 naga warriors (Snake:4)
  4 naga sharpshooters (Snake:4)
  8 deep elf knights
  2 naga ritualists
  2 deep elf summoners
  A deep elf conjurer (Elf:2)
  2 mana vipers
  A salamander (Snake:4)
  6 black mambas
  A guardian serpent (Snake:4)
  4 naga magi (Snake:4)
  2 deep elf priests (Elf:2)
  A yak (Lair:3)
  9 deep elf fighters
  7 deep elf magi
  21 nagas
  A water moccasin (Snake:1)
  A crocodile (Lair:3)
  A killer bee (D:10)
  An orc priest (Elf:2)
  A hell rat (Elf:1)
  3 orcs
  A crawling corpse (Elf:3)
  A fungus (Elf:1)
96 creatures vanquished.

Vanquished Creatures (others)
  20 ball lightnings
  A deep elf mage (Elf:2)
  20 lightning spires
  A human (Swamp:1)
  3 killer bees (D:10)
  18 fungi
  9 plants
72 creatures vanquished.

Grand Total: 1762 creatures vanquished

Notes
Turn   | Place    | Note
--------------------------------------------------------------
     0 | D:1      | Inkie the Draconian Wizard began the quest for the Orb.
     0 | D:1      | Reached XP level 1. HP: 14/14 MP: 4/4
   254 | D:1      | Reached XP level 2. HP: 2/20 MP: 0/6
  1045 | D:1      | Reached XP level 3. HP: 14/26 MP: 0/7
  1929 | D:2      | Learned a level 2 spell: Blink
  1933 | D:2      | Learned a level 3 spell: Conjure Flame
  1936 | D:2      | Learned a level 2 spell: Repel Missiles
  2011 | D:2      | Noticed Natasha
  2196 | D:2      | Killed Natasha
  2196 | D:2      | Reached skill level 4 in Conjurations
  2196 | D:2      | Reached XP level 4. HP: 20/33 MP: 3/8
  2939 | D:3      | Found a basalt altar of Yredelemnul.
  3234 | D:3      | Noticed Robin
  3397 | D:3      | Reached XP level 5. HP: 38/38 MP: 4/9
  3452 | D:3      | Killed Robin
  3452 | D:3      | Reached skill level 5 in Conjurations
  4296 | D:4      | Found an ancient bone altar of Kikubaaqudgha.
  4541 | D:4      | Reached skill level 6 in Conjurations
  4541 | D:4      | Reached XP level 6. HP: 26/45 MP: 2/10
  4546 | D:4      | Learned a level 3 spell: Mephitic Cloud
  4572 | D:4      | Noticed Oper80's ghost (average DgWn)
  4984 | D:4      | Found a staircase to the Ecumenical Temple.
  5002 | Temple   | Entered the Ecumenical Temple
  5088 | Temple   | Became a worshipper of Vehumet
  5342 | D:4      | Found a glowing golden altar of the Shining One.
  5343 | D:4      | Found a stormy altar of Qazlal.
  5699 | D:4      | Found Veopunerch's Antique Armour Shoppe.
  5766 | D:4      | Reached skill level 7 in Conjurations
  5836 | D:4      | Found a shadowy altar of Dithmenos.
  5838 | D:4      | Got a jewelled falchion
  5839 | D:4      | Identified the +11 falchion "Bostrep" {venom, rN+} (You found it on level 4 of the Dungeon)
  6072 | D:5      | Entered Level 5 of the Dungeon
  6318 | D:5      | Acquired Vehumet's first power
  6318 | D:5      | Offered knowledge of Freeze by Vehumet.
  6772 | D:5      | Noticed Chiseanne's ghost (experienced DsFi)
  6772 | D:5      | HP: 2/45 [ogre/giant club (26)]
  7180 | D:4      | Your scales start taking on a pale cyan-grey colour.
  7180 | D:4      | Reached XP level 7. HP: 18/50 MP: 2/11
  8104 | D:5      | Killed Chiseanne's ghost
  8104 | D:5      | Reached skill level 9 in Conjurations
  8104 | D:5      | Reached XP level 8. HP: 52/57 MP: 5/12
  8105 | D:5      | Upgraded the game from 0.17-a0-1110-g19bd574 to 0.17-a0-1115-g0372368
  8215 | D:5      | Noticed Menkaure
  8359 | D:5      | Killed Menkaure
  8660 | D:5      | Reached skill level 5 in Spellcasting
  9727 | D:6      | Found an iron altar of Okawaru.
  9857 | D:6      | Offered knowledge of Searing Ray by Vehumet.
  9926 | D:6      | Reached XP level 9. HP: 62/62 MP: 8/19
  9992 | D:6      | Learned a level 2 spell: Searing Ray
 10680 | D:6      | Noticed Monkaria's ghost (experienced DsCK)
 11023 | D:4      | Killed Oper80's ghost
 11281 | D:7      | Noticed Pikel
 11931 | D:7      | Found a bloodstained altar of Trog.
 12404 | D:7      | Offered knowledge of Stone Arrow by Vehumet.
 13011 | D:7      | Killed Pikel
 13011 | D:7      | Reached skill level 10 in Spellcasting
 13011 | D:7      | Reached XP level 10. HP: 63/69 MP: 15/24
 13742 | D:8      | Reached skill level 11 in Spellcasting
 13873 | D:8      | Acquired Vehumet's second power
 14167 | D:8      | Found Faizat's Assorted Antiques.
 14170 | D:8      | Bought a puce potion for 21 gold pieces
 14170 | D:8      | Bought a brightly glowing pewter ring for 120 gold pieces
 14170 | D:8      | Bought a scroll labeled FEMUISHEYNE for 24 gold pieces
 14170 | D:8      | Identified the ring "Fur Icka" {MP+9 Int+5 Dex+4} (You bought it in a shop on level 8 of the Dungeon)
 14579 | D:9      | Reached skill level 10 in Conjurations
 14725 | D:9      | Offered knowledge of Fulminant Prism by Vehumet.
 14740 | D:9      | Learned a level 2 spell: Swiftness
 14746 | D:9      | Learned a level 5 spell: Lightning Bolt
 14767 | D:9      | Reached skill level 1 in Air Magic
 15295 | D:9      | Found a glowing silver altar of Zin.
 15323 | D:10     | Entered Level 10 of the Dungeon
 15326 | D:10     | Noticed a hill giant
 15437 | D:10     | Reached skill level 5 in Air Magic
 15437 | D:10     | Acquired Vehumet's third power
 15514 | D:10     | Found a staircase to the Lair.
 15708 | D:10     | Offered knowledge of Iskenderun's Battlesphere by Vehumet.
 15715 | D:10     | Learned a level 5 spell: Iskenderun's Battlesphere
 16614 | D:10     | Found a staircase to the Orcish Mines.
 16700 | D:10     | Reached XP level 11. HP: 74/74 MP: 26/26
 16734 | D:10     | Killed a hill giant
 17002 | D:10     | Offered knowledge of Poisonous Cloud by Vehumet.
 17344 | Lair:1   | Entered Level 1 of the Lair of Beasts
 17388 | Lair:1   | Got an encrusted morningstar
 17407 | Lair:1   | Identified the +11 morningstar of Noon {crush, rElec rN+ MR+} (You found it on level 1 of the Lair of Beasts)
 17461 | Lair:1   | Reached skill level 10 in Air Magic
 18221 | Lair:1   | Noticed an eight-headed hydra
 18226 | Lair:1   | Killed an eight-headed hydra
 18428 | Lair:1   | Reached skill level 12 in Air Magic
 19035 | Lair:2   | Noticed an eight-headed hydra
 19043 | Lair:2   | Killed an eight-headed hydra
 19313 | Lair:2   | Noticed a four-headed hydra
 19322 | Lair:2   | Killed a four-headed hydra
 19322 | Lair:2   | Reached skill level 13 in Air Magic
 19322 | Lair:2   | Reached XP level 12. HP: 52/81 MP: 14/27
 20434 | Lair:3   | Noticed Urug
 20437 | Lair:3   | Killed Urug
 20448 | Lair:3   | Reached skill level 14 in Air Magic
 22421 | Lair:4   | Found a staircase to the Swamp.
 22487 | Lair:4   | Offered knowledge of Delayed Fireball by Vehumet.
 22496 | Lair:4   | Learned a level 7 spell: Delayed Fireball
 22649 | Lair:4   | Reached skill level 1 in Fire Magic
 22954 | Lair:4   | Reached skill level 5 in Fire Magic
 23548 | Lair:4   | You fall through a shaft!
 23643 | Lair:5   | Reached XP level 13. HP: 76/86 MP: 19/28
 23846 | Lair:5   | Noticed Inkie's ghost (powerful KoAM)
 23849 | Lair:5   | Noticed an eight-headed hydra
 23912 | Lair:5   | Killed Inkie's ghost
 24010 | Lair:4   | Noticed a four-headed hydra
 24097 | Lair:4   | Killed a four-headed hydra
 24498 | Lair:4   | Noticed Harold
 24521 | Lair:4   | Killed Harold
 24680 | Lair:4   | Reached skill level 15 in Air Magic
 25133 | Lair:5   | Noticed a four-headed hydra
 25134 | Lair:5   | Killed an eight-headed hydra
 25142 | Lair:5   | Killed a four-headed hydra
 26444 | Lair:6   | Reached skill level 10 in Fire Magic
 26495 | Lair:6   | Offered knowledge of Fireball by Vehumet.
 26502 | Lair:6   | Learned a level 5 spell: Fireball
 26790 | Lair:6   | Reached XP level 14. HP: 51/93 MP: 6/30
 27233 | Lair:6   | Found a staircase to the Snake Pit.
 29133 | Lair:7   | Noticed Maud
 29140 | Lair:7   | Killed Maud
 29585 | Lair:7   | Found a runed door.
 29585 | Lair:7   | Found a viscous altar of Jiyva.
 29585 | Lair:7   | Found a staircase to the Slime Pits.
 29875 | Lair:8   | Entered Level 8 of the Lair of Beasts
 29879 | Lair:8   | Offered knowledge of Venom Bolt by Vehumet.
 29888 | Lair:8   | Noticed Rupert
 30843 | Lair:8   | Killed Rupert
 31419 | Lair:8   | Reached XP level 15. HP: 99/99 MP: 33/33
 31921 | Lair:8   | Reached XP level 16. HP: 105/105 MP: 34/34
 32895 | Orc:1    | Entered Level 1 of the Orcish Mines
 32897 | Orc:1    | Offered knowledge of Bolt of Fire by Vehumet.
 32937 | Orc:1    | Learned a level 6 spell: Bolt of Fire
 33535 | Orc:1    | Found a roughly hewn altar of Beogh.
 33726 | Orc:2    | Found a deep blue altar of Sif Muna.
 33869 | Orc:2    | Found Nudocyif's Armour Boutique.
 33879 | Orc:2    | Bought the +1 ratskin cloak {rPois rN+ Int-1 Dex-1} for 289 gold pieces
 34093 | Orc:3    | Offered knowledge of Poison Arrow by Vehumet.
 34121 | Orc:3    | Found a staircase to the Elven Halls.
 34482 | Orc:4    | Entered Level 4 of the Orcish Mines
 34496 | Orc:4    | Found Gonuc's Magic Scroll Boutique.
 34559 | Orc:4    | Bought a scroll of blinking for 82 gold pieces
 34559 | Orc:4    | Bought a scroll of blinking for 82 gold pieces
 35649 | Orc:4    | Offered knowledge of Conjure Ball Lightning by Vehumet.
 35719 | Orc:4    | Learned a level 6 spell: Conjure Ball Lightning
 35973 | Orc:4    | Found Sofroir's Magic Scroll Shoppe.
 35978 | Orc:4    | Found Pifeih's Food Boutique.
 35983 | Orc:4    | Found Efecreur's Armour Boutique.
 35985 | Orc:4    | Found Beaboili's Weapon Shoppe.
 36006 | Orc:4    | Bought a scroll of fear for 59 gold pieces
 36006 | Orc:4    | Bought 3 scrolls of identify for 102 gold pieces
 36006 | Orc:4    | Bought a scroll of random uselessness for 17 gold pieces
 36608 | Swamp:1  | Entered Level 1 of the Swamp
 36965 | Swamp:1  | Reached skill level 16 in Air Magic
 36974 | Swamp:1  | Noticed Kirke
 36981 | Swamp:1  | Killed Kirke
 38151 | Swamp:1  | Upgraded the game from 0.17-a0-1115-g0372368 to 0.17-a0-1123-g6d3914c
 38635 | Swamp:2  | Reached skill level 15 in Spellcasting
 38822 | Swamp:2  | Got a scorched falchion
 38826 | Swamp:2  | Identified the +5 falchion of the Evil Eye {pain, rElec rN+ Dex+4 SInv} (You found it on level 2 of the Swamp)
 39850 | Swamp:3  | Offered knowledge of Fire Storm by Vehumet.
 39850 | Swamp:3  | Offered knowledge of Glaciate by Vehumet.
 39850 | Swamp:3  | Offered knowledge of Shatter by Vehumet.
 40963 | Swamp:3  | Reached XP level 17. HP: 111/111 MP: 32/36
 41121 | Swamp:4  | Entered Level 4 of the Swamp
 42553 | Swamp:4  | Noticed a bone dragon
 43097 | Swamp:4  | Killed a bone dragon
 43901 | Swamp:4  | Got a decaying rune of Zot
 44141 | Lair:2   | Learned a level 4 spell: Summon Lightning Spire
 44289 | Snake:1  | Entered Level 1 of the Snake Pit
 44777 | Snake:1  | Reached skill level 15 in Conjurations
 44959 | Snake:1  | Found Archocw's Antique Armour Boutique.
 44965 | Snake:1  | Bought a pair of gloves for 144 gold pieces
 46223 | Snake:2  | Noticed Aizul
 46231 | Snake:2  | Killed Aizul
 47423 | Snake:2  | Reached skill level 17 in Spellcasting
 48021 | Snake:3  | Noticed Wiglaf
 48026 | Snake:3  | Killed Wiglaf
 48026 | Snake:3  | Reached XP level 18. HP: 113/117 MP: 22/39
 48262 | Snake:3  | Found Vog Ysm's Armour Shoppe.
 48270 | Snake:3  | Bought a +2 pair of gloves of archery for 264 gold pieces
 48505 | Snake:3  | Reached skill level 1 in Charms
 49116 | Snake:4  | Entered Level 4 of the Snake Pit
 49778 | Snake:4  | Noticed Norris
 50141 | Snake:4  | Killed Norris
 50711 | Snake:4  | Reached skill level 18 in Spellcasting
 51174 | Snake:4  | Got a serpentine rune of Zot
 52748 | Snake:4  | Identified Dyremm's Grimoire of Protection
 52754 | Snake:4  | Learned a level 4 spell: Control Teleport
 53113 | Lair:2   | Upgraded the game from 0.17-a0-1123-g6d3914c to 0.17-a0-1132-g5dd4065
 53257 | Elf:1    | Entered Level 1 of the Elven Halls
 53406 | Elf:1    | Reached XP level 19. HP: 95/123 MP: 41/41
 54015 | Elf:1    | Reached skill level 19 in Spellcasting
 54577 | Elf:1    | Found a radiant altar of Vehumet.
 54749 | Elf:1    | Found Tizoho's Jewellery Emporium.
 55183 | Elf:2    | Found a runed gate.
 55184 | Elf:2    | Found a runed gate.
 55192 | Elf:2    | Found a runed gate.
 57269 | Elf:3    | Entered Level 3 of the Elven Halls
 57274 | Elf:3    | Found Iraoboge's Gadget Shop.
 57359 | Elf:3    | Found Vajinly's Distillery.
 57390 | Elf:3    | Found Biletye's Gadget Shoppe.
 57786 | Elf:3    | Found Wumyos's Jewellery Boutique.
 57795 | Elf:3    | Shot with an arrow by a deep elf master archer

Vault maps used:
D:1:      minmay_arrival_solitary_statue
D:2:      uniq_natasha
D:3:      nicolae_overflow_hidden_temple, first_bread, uniq_robin
D:4:      overflow_temple_1_default, nicolae_dithmenos_through_a_glass_darkly,
          grunt_temple_overflow_open, temple_fountains, serial_shops, shop
D:5:      uniq_menkaure
D:6:      overflow_temple_1_default
D:7:      trog_hazing_becter, uniq_pikel
D:8:      serial_shops, nicolae_shop_window_shopping
D:9:      kennysheep_little_box
D:10:     minmay_lair_entry_lava, erik_orc_2, special_room
D:11:     nicolae_trove_entry_crossroad, the_bakery,
          nrook_guardian_serpent_double
Temple:   circular_temple_12
Lair:1:   grunt_megastairs_3, serial_bayou_shore_b
Lair:2:   lemuel_old_faithful, grunt_megastairs_5, serial_bayou_shore_a
Lair:3:   nicolae_volcano_entry_s_turn, bobbens_dragon_lair_wall,
          lemuel_fruit_tree, uniq_urug
Lair:4:   nicolae_swamp_entry_splash_gauntlet, patterned_corridor, uniq_harold
Lair:5:   beast_lair_carwin_7
Lair:6:   mu_elephants_graveyard, dummy_snake_entry, st_stairs_9, worms_lemuel
Lair:7:   slime_altar_2, columned_hall_lemuel, uniq_maud
Lair:8:   due_jungle_book, uniq_rupert
Swamp:1:  serial_swamp_ruin, evilmike_swamp_ruin_house_1,
          evilmike_swamp_ruin_house_3, evilmike_swamp_ruin_rubble_1,
          swamp_pool3, uniq_kirke
Swamp:2:  hangedman_swamp_diagram
Swamp:3:  hangedman_swamp_ruin_wall
Swamp:4:  swamp_pestilence, infiniplex_staircase_pool_2
Snake:1:  serial_shops, shop, spider_trap
Snake:2:  grunt_megastairs_4, basic_stair_grate_trap, uniq_aizul
Snake:3:  serial_shops, nicolae_shop_statue_plus, st_stairs_12, uniq_wiglaf
Snake:4:  grunt_snake_rune_spirals, uniq_norris
Orc:1:    minmay_orc_temple_b
Orc:2:    serial_shops, shop, led_sif_book
Orc:3:    nicolae_orc_pool_cavern
Orc:4:    st_orc_elflike, serial_shops, shop
Elf:1:    minmay_elf_arrival_plus, serial_shops, shop_fountains, basic_altar,
          minivault_28
Elf:2:    orc_legates
Elf:3:    grunt_elf_hall_branching, serial_shops, shop,
          nicolae_shop_statue_plus, shop, shop

Action                   |  1- 3 |  4- 6 |  7- 9 | 10-12 | 13-15 | 16-18 | 19-21 || total
-------------------------+-------+-------+-------+-------+-------+-------+-------++-------
Melee: Unarmed           |    60 |    36 |       |       |       |       |       ||    96
       Spear             |       |    16 |       |       |       |       |       ||    16
       Falchion          |       |    13 |    46 |    39 |       |       |       ||    98
       Morningstar       |       |       |       |    21 |   114 |    74 |     4 ||   213
Throw: Stone             |    11 |     6 |     3 |       |       |     2 |       ||    22
 Cast: Magic Dart        |   125 |   242 |   288 |   331 |   131 |   769 |    95 ||  1981
       Conjure Flame     |       |     4 |    18 |    14 |     9 |     4 |       ||    49
       Blink             |       |    13 |    12 |    15 |    25 |    29 |     1 ||    95
       Mephitic Cloud    |       |       |    17 |    20 |       |     4 |       ||    41
       Searing Ray       |       |       |    22 |   147 |   106 |    21 |    14 ||   310
       Repel Missiles    |       |       |     2 |     1 |       |     4 |       ||     7
       Iskenderun's Batt |       |       |       |    52 |    78 |   229 |    32 ||   391
       Lightning Bolt    |       |       |       |    21 |    91 |   313 |   124 ||   549
       Fireball          |       |       |       |       |    38 |   123 |    14 ||   175
       Delayed Fireball  |       |       |       |       |     1 |     8 |     1 ||    10
       Bolt of Fire      |       |       |       |       |       |    61 |     7 ||    68
       Conjure Ball Ligh |       |       |       |       |       |     6 |     1 ||     7
       Summon Lightning  |       |       |       |       |       |    84 |    36 ||   120
       Swiftness         |       |       |       |       |       |     1 |       ||     1
       Control Teleport  |       |       |       |       |       |     3 |     1 ||     4
 Abil: Release Delayed F |       |       |       |       |       |     8 |     1 ||     9
       Breathe Steam     |       |       |       |       |       |     1 |       ||     1
Evoke: Wand              |       |     1 |       |     1 |       |    19 |     3 ||    24
  Use: Scroll            |       |     8 |     3 |    15 |     8 |    20 |     2 ||    56
       Potion            |       |     2 |       |     2 |     2 |    14 |     3 ||    23
 Stab: Confused          |       |       |     1 |     1 |       |       |       ||     2
       Sleeping          |       |       |       |     1 |       |       |       ||     1
       Distracted        |       |       |       |       |       |     3 |       ||     3
  Eat: Chunk             |     4 |    14 |    16 |    25 |    22 |    39 |    13 ||   133
       Fruit             |       |     2 |     1 |       |       |       |     1 ||     4
       Beef jerky        |       |       |     1 |     2 |       |     3 |       ||     6
       Meat ration       |       |       |     1 |     1 |     1 |     1 |       ||     4
       Bread ration      |       |       |       |     1 |     2 |     5 |       ||     8
       Pizza             |       |       |       |       |       |     2 |       ||     2
